 Dungeon Crawl Stone Soup version 0.31-a0-232-gb1c03b2570 (webtiles) character file.

Game seed: 7908805495223378089

254 qw the Shooter (level 5, 0/45 HPs)
             Began as a Minotaur Hexslinger on July 7, 2023.
             Slain by a gnoll
             ... wielding a +0 flail
              (4 damage)
             ... on level 3 of the Dungeon.
             The game lasted 00:01:00 (2450 turns).

qw the Shooter (Minotaur Hexslinger)                Turns: 2450, Time: 00:01:00

Health: 0/45       AC:  6    Str: 12    XL:     5   Next: 91%
Magic:  5/5        EV: 11    Int: 10    God:
Gold:   178        SH:  0    Dex: 15    Spells: 5/6 levels left

rFire   . . .        Y - +0 arbalest
rCold   . . .        (shield currently unavailable)
rNeg    . . .        d - +0 ring mail
rPois   .            (helmet restricted)
rElec   .            (no cloak)
rCorr   .            (no gloves)
SInv    .            g - +0 pair of boots
Will    .....        (no amulet)
Stlth   +            (no ring)
HPRegen 0.27/turn    (no ring)
MPRegen 0.09/turn

%: no passive effects
@: no status effects
A: horns 2, retaliatory headbutt
a: no special abilities


You were on level 3 of the Dungeon.
You visited 1 branch of the dungeon, and saw 4 of its levels.

You collected 178 gold pieces.


Innate Abilities, Weirdness & Mutations

You have a pair of horns on your head.
You reflexively headbutt those who attack you in melee.


   Skills:
 - Level 3.0 Fighting
 + Level 5.9 Ranged Weapons
 - Level 2.2 Armour
 - Level 2.1 Dodging
 - Level 1.0 Spellcasting
 - Level 2.0 Hexes


You had 5 spell levels left.
You knew the following spells:

 Your Spells              Type           Power      Damage    Failure   Level
a - Slow                  Hex            16%        N/A       32%         1

Your spell library contained the following spells:

 Spells                   Type           Power      Damage    Failure   Level
 Inner Flame              Hex/Fire       2%         N/A       83%         3
 Portal Projectile        Hex/Tloc       4%         N/A       83%         3
 Cause Fear               Hex            2%         N/A       97%         4

Inventory:

Hand Weapons
 Y - a +0 arbalest (weapon)
Armour
 d - a +0 ring mail (worn)
 g - a +0 pair of boots (worn)
Scrolls
 a - a scroll of teleportation
Potions
 b - a potion of curing {unknown}
 c - a potion of mutation {unknown}
 e - a potion of haste {unknown}

Dungeon Overview and Level Annotations

Branches:
Dungeon (4/15)
 Temple: D:4-7

Altars:
Uskayaw
Yredelemnul

Shops:
D:2 =   D:3 (


Message History

There is a stone staircase leading up here.
2412 ||| STAIRDANCE You climb upwards.
There is a stone staircase leading down here.
Enter note:
Enter note:
Enter note:
Enter note:
Enter note:
Enter note:
Enter note:
Enter note:
Enter note: You start resting.
HP restored.
Done exploring.
(D) Dungeon
Where to? (* - list waypoints, Enter - D:4, ? - help)
What level of the Dungeon? (default 1, ? - help)
You climb downwards.
The gnoll completely misses you. The gnoll hits you with a +0 flail!
There is a stone staircase leading up, spattered with blood here.
2445 ||| STAIRDANCE The gnoll hits you with a +0 flail.
The gnoll hits you but does no damage.
You climb upwards.
There is a stone staircase leading down here.
You shoot a bolt. The bolt barely misses the gnoll.
The gnoll hits you with a +0 whip. The gnoll hits you with a +0 flail.
You shoot a bolt. The bolt closely misses the gnoll.
The gnoll hits you but does no damage. The gnoll closely misses you.
The gnoll hits you with a +0 whip. The gnoll closely misses you.
You shoot a bolt.
The bolt hits the gnoll but does no damage.
The gnoll hits you with a +0 whip. The gnoll barely misses you.
The gnoll hits you with a +0 whip. The gnoll barely misses you.
You shoot a bolt. The bolt hits the gnoll!
The gnoll is severely wounded.
The gnoll hits you with a +0 whip. The gnoll hits you with a +0 flail!
The gnoll barely misses you. The gnoll hits you with a +0 flail.
You die...

##### #.#.# #...# #.#.#
#...####.#.# #........#.#
#....#####.# #....# ###.###
######## #....# #.....#
.......##########....###.#.#.#
%.........[....g@g##.....#...#
.......####...##..##.#######.#
.......# #........#.# ######
.......# #....#.#.#.# #....#
.......# #....#.....# #.##.#
################'##### #.##.#
#.....####)......# #.#..#
#.........)[...#.# #.#.##
#####..##.#####....#.#######.#.#


You could see 2 gnolls.

Vanquished Creatures
  An orc priest (D:3)
  An iguana (D:3)
  Terence (D:3)
  Natasha (D:2)
  An orc wizard (D:3)
  3 adders
  2 gnolls (D:4)
  An ufetubus (D:4)
  4 dart slugs
  4 orcs (D:3)
  5 bats
  4 endoplasms
  2 giant cockroaches
  A goblin (D:3)
  5 kobolds
  7 quokkas
  15 ball pythons
  3 frilled lizards (D:1)
  4 rats
65 creatures vanquished.

Notes
Turn   | Place    | Note
-------+----------+-------------------------------------------
     0 | D:1      | qw the Minotaur Hexslinger began the quest for the Orb.
     0 | D:1      | Reached XP level 1. HP: 16/16 MP: 1/1
     0 | D:1      | 0 ||| qw: Version: 0.3-a-46-gb1f654a
     0 | D:1      | 0 ||| qw: Game counter: 2781
     0 | D:1      | 0 ||| qw: Melee chars always use a shield: true
     0 | D:1      | 0 ||| qw: God list: Okawaru
     0 | D:1      | 0 ||| qw: Allow faded altars: false
     0 | D:1      | 0 ||| qw: Do Orc after clearing Dungeon:15 true
     0 | D:1      | 0 ||| qw: Do second Lair branch before Depths: true
     0 | D:1      | 0 ||| qw: Lair rune preference: random
     0 | D:1      | 0 ||| qw: Goals: Normal
     0 | D:1      | 0 ||| PLANNING D:1-11
   146 | D:1      | Reached skill level 3 in Ranged Weapons
   146 | D:1      | Reached XP level 2. HP: 22/23 MP: 2/2
   148 | D:1      | 148 ||| UPGRADING to +0 ring mail.
   185 | D:1      | 185 ||| DROPPING +0 robe.
   421 | D:1      | 421 ||| DROPPING scroll of poison.
   461 | D:2      | Found a hide-covered altar of Uskayaw.
   565 | D:2      | 565 ||| SWAPPING to +0 arbalest.
   566 | D:2      | 566 ||| DROPPING +1 sling.
   660 | D:2      | Reached XP level 3. HP: 29/29 MP: 3/3
   712 | D:2      | You fall into a shaft and drop 1 floor!
   713 | D:3      | 713 ||| READING scroll labelled PIUBINEL GINTA.
   726 | D:2      | Reached skill level 4 in Ranged Weapons
  1089 | D:2      | Found Xeiselar's Jewellery Emporium.
  1097 | D:2      | 1097 ||| SHOPLISTING +5 ring of evasion (360 gold, have
                  | 116).
  1097 | D:2      | 1097 ||| SHOPLISTING +6 ring of dexterity (360 gold, have
                  | 116).
  1097 | D:2      | 1097 ||| SHOPLISTING amulet of regeneration (300 gold, have
                  | 116).
  1097 | D:2      | 1097 ||| SHOPLISTING ring of positive energy (200 gold,
                  | have 116).
  1097 | D:2      | 1097 ||| SHOPLISTING ring of protection from cold (250
                  | gold, have 116).
  1228 | D:2      | Noticed Natasha
  1234 | D:2      | Killed Natasha
  1235 | D:2      | Reached XP level 4. HP: 31/36 MP: 4/4
  1337 | D:2      | 1337 ||| READING 2 scrolls labelled BIODEA NOKKYBB.
  1431 | D:3      | Noticed Terence
  1435 | D:3      | Killed Terence
  1513 | D:3      | 1513 ||| FLEEEEING.
  1514 | D:3      | 1514 ||| FLEEEEING.
  1515 | D:3      | 1515 ||| FLEEEEING.
  1516 | D:3      | 1516 ||| FLEEEEING.
  1517 | D:3      | 1517 ||| FLEEEEING.
  1518 | D:3      | 1518 ||| FLEEEEING.
  1519 | D:3      | 1519 ||| FLEEEEING.
  1520 | D:3      | 1520 ||| FLEEEEING.
  1521 | D:3      | 1521 ||| FLEEEEING.
  1523 | D:3      | 1523 ||| FLEEEEING.
  1524 | D:3      | 1524 ||| FLEEEEING.
  1525 | D:3      | 1525 ||| FLEEEEING.
  1526 | D:3      | 1526 ||| FLEEEEING.
  1527 | D:3      | 1527 ||| FLEEEEING.
  1528 | D:3      | 1528 ||| FLEEEEING.
  1581 | D:3      | Reached skill level 5 in Ranged Weapons
  1581 | D:3      | Reached XP level 5. HP: 41/41 MP: 5/5
  1599 | D:3      | Reached skill level 3 in Fighting
  1615 | D:3      | HP: 7/45 [something/puff of flame (6)]
  1617 | D:3      | HP: 3/45 [something (2)]
  1919 | D:3      | Found Danel's Weapon Shop.
  1931 | D:3      | 1931 ||| SHOPLISTING +2 orcbow of flaming (219 gold, have
                  | 163).
  2185 | D:3      | Found a basalt altar of Yredelemnul.
  2234 | D:3      | 2234 ||| DROPPING +0 robe of positive energy.
  2235 | D:3      | 2235 ||| UPGRADING to +0 pair of boots.
  2240 | D:3      | 2240 ||| READING scroll labelled NOTERA VOIT.
  2241 | D:3      | 2241 ||| READING scroll labelled JULIP POMITI WUSCHU.
  2381 | D:4      | 2381 ||| Stepping ~*~*~tactically~*~*~ (outnumbered).
  2392 | D:4      | 2392 ||| FLEEEEING.
  2393 | D:4      | 2393 ||| FLEEEEING.
  2394 | D:4      | 2394 ||| FLEEEEING.
  2395 | D:4      | 2395 ||| FLEEEEING.
  2396 | D:4      | 2396 ||| FLEEEEING.
  2397 | D:4      | 2397 ||| FLEEEEING.
  2398 | D:4      | 2398 ||| FLEEEEING.
  2399 | D:4      | 2399 ||| FLEEEEING.
  2400 | D:4      | 2400 ||| FLEEEEING.
  2401 | D:4      | 2401 ||| FLEEEEING.
  2402 | D:4      | 2402 ||| FLEEEEING.
  2403 | D:4      | 2403 ||| FLEEEEING.
  2405 | D:4      | 2405 ||| FLEEEEING.
  2406 | D:4      | 2406 ||| FLEEEEING.
  2407 | D:4      | 2407 ||| FLEEEEING.
  2408 | D:4      | 2408 ||| FLEEEEING.
  2409 | D:4      | 2409 ||| FLEEEEING.
  2410 | D:4      | 2410 ||| FLEEEEING.
  2411 | D:4      | 2411 ||| FLEEEEING.
  2412 | D:4      | 2412 ||| STAIRDANCE
  2445 | D:4      | 2445 ||| STAIRDANCE
  2450 | D:3      | HP: 11/45 [gnoll/+0 whip (5)]
  2450 | D:3      | HP: 4/45 [gnoll/+0 flail (7)]
  2450 | D:3      | Slain by a gnoll

Levels and vault maps discovered:
D:1:      dpeg_arrival_long_road, layout_rooms, serial_glass, glass_columns_a,
          glass_columns_a, glass_columns_a, glass_columns_c, glass_columns_a,
          glass_columns_b, glass_columns_b, glass_columns_b
D:2:      layout_basic, basic_altar, serial_shops, shop, dk_noncrumbling_2,
          palyth_stone_intersect, columned_hall_lemuel, grunt_ministairs_9,
          uniq_natasha
D:3:      layout_basic, lemuel_doored_altar, serial_shops,
          nicolae_shop_tiny_glass, uniq_terence
D:4:      layout_loops_ring, kennysheep_mini_moat, lemuel_crystal_altar,
          temple_doors_cd

Skill      XL: |  1  2  3  4  5 |
---------------+----------------+-----
Ranged Weapons | 3 4 5 |  5.9
Fighting       | 2 3 |  3.0
Armour         | 2 |  2.2
Dodging        | |  2.1
Spellcasting   | |  1.0
Hexes          | |  2.0

Action                     |  1- 3 |  4- 6 || total
---------------------------+-------+-------++-------
   Fire: Sling             |    62 |       ||    62
         Arbalest          |    39 |    97 ||   136
    Use: Scroll            |     1 |     3 ||     4
 Armour: Robe              |     3 |       ||     3
         Ring mail         |    14 |    28 ||    42
  Dodge: Dodged            |    35 |    37 ||    72

Table legend:
 A = Non-vault XP
 B = Vault XP
 C = Vault XP percentage of total XP
 D = Non-vault monster count
 E = Vault monster count
 F = Vault count percentage of total count
                 A         B        C        D         E       F
            +---------+---------+-------+---------+---------+-------
      Total |     292 |      72 |  19.8 |      62 |       3 |   4.6
            +---------+---------+-------+---------+---------+-------
        D:1 |      24 |       0 |   0.0 |      15 |       0 |   0.0
        D:2 |      60 |      36 |  37.5 |      20 |       2 |   9.1
        D:3 |     166 |      36 |  17.8 |      21 |       1 |   4.5
        D:4 |      42 |       0 |   0.0 |       6 |       0 |   0.0
            +---------+---------+-------+---------+---------+-------
